 Dungeon Crawl Stone Soup version 0.31-a0-210-gccc998df9b (webtiles) character file.

Game seed: 511270255614144937

203866 Gargoyl the Warrior (level 19, -2/135 HPs)
             Began as a Gargoyle Berserker on June 29, 2023.
             Was an Elder of Trog.
             Slain by a war gargoyle
             ... wielding a +0 great mace
             ... led by a peacekeeper
              (35 damage)
             ... on level 3 of the Vaults.
             The game lasted 00:50:26 (29854 turns).

Gargoyl the Warrior (Gargoyle Berserker)           Turns: 29854, Time: 00:50:26

Health: -2/135     AC: 41    Str: 23    XL:     19   Next: 6%
Magic:  19/19      EV: 17    Int:  7    God:    Trog [****..]
Gold:   1676       SH:  0    Dex: 21    Spells: 18/18 levels left

rFire   . . .        a - +7 hand axe (vamp)
rCold   + . .        (no shield)
rNeg    + . .        F - +6 scale mail {rF+}
rPois   ∞            p - +2 helmet
rElec   +            s - scarf {repulsion}
rCorr   +            r - +2 pair of gloves
SInv    .            w - +2 pair of boots
Will    +++..        v - amulet "Ilugo" {Fragile rC+ Regen+ Stlth+}
Stlth   +++          t - ring of Pyd Bethrue {rPois rCorr Str+3 Int-4}
HPRegen 2.22/turn    H - +6 ring of dexterity
MPRegen 0.16/turn

%: repel missiles
@: marked, strong-willed, flying, regenerating, studying Polearms
A: sickness immunity, AC +14, big wings, negative energy resistance 1,
electricity resistance, torment resistance 1, petrification resistance, no
potion heal 1, heat vulnerability 1
a: Renounce Religion, Berserk, Trog's Hand, Brothers in Arms


You were on level 3 of the Vaults.
You worshipped Trog.
Trog was greatly pleased with you.
You visited 4 branches of the dungeon, and saw 25 of its levels.
You visited the Abyss 2 times.
You also visited: Gauntlet.

You collected 4354 gold pieces.
You spent 2678 gold pieces at shops.

Inventory:

Hand Weapons
 a - a +7 vampiric hand axe (weapon)
 m - a +2 heavy executioner's axe
 q - the +10 morningstar "Eos" {elec, Halo rElec}
   (You bought it in a shop on level 8 of the Dungeon)

   Halo:      It grants its wielder a halo, revealing invisible creatures and
   increasing accuracy against all within it other than the wielder.
   rElec:     It insulates you from electricity.
 y - a +4 hand axe of flaming
 J - a +7 demon trident of freezing
 M - a +4 vampiric broad axe
Missiles
 i - 32 poisoned darts
 j - 6 throwing nets
 D - 3 curare-tipped darts (quivered)
Armour
 p - a +2 helmet (worn)
 r - a +2 pair of gloves (worn)
 s - a scarf of repulsion (worn)
 w - a +2 pair of boots (worn)
 E - the +1 cloak "Gohyq" {rF+ rC+}
   (You found it in a Gauntlet)

   rF:        It protects you from fire.
   rC:        It protects you from cold.
 F - a +6 scale mail of fire resistance (worn)
 G - the +4 scale mail of Midwinter {rCorr Dex+3}
   (You bought it in a shop on level 2 of the Orcish Mines)

   Dex:       It affects your dexterity (+3).
   rCorr:     It protects you from acid and corrosion.
Jewellery
 t - the ring of Pyd Bethrue (left hand) {rPois rCorr Str+3 Int-4}
   (You found it in a Gauntlet)

   [ring of resist corrosion]

   Str:       It affects your strength (+3).
   Int:       It affects your intelligence (-4).
   rPois:     It protects you from poison.
   rCorr:     It protects you from acid and corrosion.
 v - the amulet "Ilugo" (around neck) {Fragile rC+ Regen+ Stlth+}
   (You found it on level 14 of the Dungeon)

   [amulet of regeneration]

   rC:        It protects you from cold.
   Regen:     It increases your rate of health regeneration.
   Fragile:   It will be destroyed if unequipped.
   Stlth:     It makes you more stealthy.
 H - a +6 ring of dexterity (right hand)
 I - a +6 ring of strength
Wands
 f - a wand of digging (4)
 g - a wand of polymorph (8)
 B - a wand of roots (21)
 L - a wand of flame (9)
 N - a wand of light (5)
 Q - a wand of mindburst (2)
 R - a wand of paralysis (4)
Scrolls
 l - a scroll of fear
 u - 2 scrolls of fog
 x - 8 scrolls of teleportation
 K - 9 scrolls of identify
 P - a scroll of poison
Potions
 b - 3 potions of berserk rage
 c - 10 potions of curing
 d - a potion of resistance
 e - 4 potions of enlightenment
 h - a potion of ambrosia
 k - 8 potions of might
 n - 3 potions of heal wounds
 o - 3 potions of invisibility
 z - 3 potions of cancellation
 A - a potion of haste


   Skills:
 + Level 20.0 Fighting
 + Level 18.5(19.2) Axes
 + Level 10.0(16.1) Maces & Flails
 + Level 1.9 Throwing
 + Level 15.6 Armour
 + Level 9.6 Dodging
 + Level 6.0 Stealth


You had 18 spell levels left.
You didn't know any spells.
Your spell library was empty.

Dungeon Overview and Level Annotations

Branches:
Dungeon (15/15)            Temple (0/1) D:7            Lair (5/5) D:9
  Swamp (0/4) Lair:2        Snake (0/4) Lair:3        Slime (0/5) Lair:4
    Orc (2/2) D:10            Elf (0/3) Orc:2        Vaults (3/5) D:13
  Crypt (0/3) Vaults:2     Depths (0/4) D:15        Gauntlet (visited)

Altars:
Gozag
Kikubaaqudgha
Nemelex Xobeh
Sif Muna
Uskayaw
Vehumet
Wu Jian
Yredelemnul
The Shining One
Jiyva
Lugonu

Shops:
D:5 *   D:8 (?!(   D:14 :[?(?   Orc:1 *   Orc:2 (=*[   Vaults:3 [

Portals:
Abyss: Lair:5
Trove: Vaults:2 (give 15 potions of curing)

Annotations:
Vaults:3 2 transporters


Innate Abilities, Weirdness & Mutations

You are immune to sickness and miasma.
Your stone body is resilient. (AC +14)
You are immune to poison.
Your large and strong wings let you fly.
You resist negative energy. (rN+)
You are resistant to electric shocks. (rElec)
You are resistant to unholy torment.
You are immune to petrification.
Potions are less effective at restoring your health.
You are vulnerable to heat. (rF-)


Message History

Unknown command.
The peacekeeper roars a battlecry!
The war gargoyles go into a battle-frenzy!
A great orb of eyes comes into view.
The war gargoyle launches metal splinters at you.
The spray of metal splinters hits you but does no damage.
You slash the war gargoyle!
The war gargoyle is lightly damaged.
You hit the war gargoyle but do no damage.
The war gargoyle is lightly damaged.
The war gargoyle hits you but does no damage.
You hit the war gargoyle but do no damage.
The war gargoyle is lightly damaged.
The war gargoyle hits you but does no damage.
You hit the war gargoyle.
The war gargoyle is lightly damaged.
The war gargoyle hits you with a +0 great mace!!
Unknown command.
You hit the war gargoyle but do no damage.
The war gargoyle is lightly damaged.
The war gargoyle hits you with a +0 great mace!!
You hit the war gargoyle but do no damage.
The war gargoyle is lightly damaged.
The war gargoyle hits you with a +0 great mace!!!
Unknown command.
You hit the war gargoyle.
The war gargoyle is lightly damaged.
The war gargoyle hits you but does no damage.
You barely miss the war gargoyle.
The war gargoyle is lightly damaged.
The war gargoyle launches metal splinters at you.
The spray of metal splinters hits you but does no damage.
Your skin crawls.
You feel strong-willed.
The war gargoyle hits you with a +0 great mace!!!
* * * LOW HITPOINT WARNING * * *
Your system partially rejects the healing.
You feel much better.
The war gargoyle hits you with a +0 great mace!!
You die...

#+# #### .. ..# ...#
#.# #.# ..####.# #.#
.###.#.# #.# .###.#.#
+.# .....#.# #.#
.....#.+ #@# +##..'⌠#
#9####... ##.#⌠#
#99......
###⌠#####+###.#..9...
#...).......#......
############# ##...
#G


You could see 2 war gargoyles and a peacekeeper.

Vanquished Creatures
  Saint Roka (Orc:2)
  A bone dragon (Abyss:3)
  Jorgrun (D:12)
  A hellephant (Abyss:3)
  A lich (Abyss:5)
  2 sphinxes
  Frances (D:12)
  Gastronok (D:12)
  A tentacled starspawn (Abyss:3)
  7 vault wardens
  An orc warlord (Orc:2)
  4 very ugly things (Vaults:1)
  2 war gargoyles
  9 ironbound preservers
  2 formless jellyfish
  3 ironbound thunderhulks
  9 dire elephants
  Azrael (D:14)
  The ghost of Hajna the Cleaver, a journeyman HOFi of Beogh (D:11)
  An eidolon (Vaults:2)
  An ettin (Vaults:2)
  4 yaktaur captains
  A deep elf death mage (Vaults:2)
  A jiangshi (Vaults:2)
  5 great orbs of eyes
  Fannar (Lair:1)
  An ice dragon (D:11)
  3 peacekeepers
  11 vault guards
  6 hydras
  A catoblepas (D:12)
  5 boulder beetles
  17 centaur warriors
  6 ironbound frosthearts
  3 tengu warriors
  4 death yaks
  4 two-headed ogres
  A vampire mage (Vaults:2)
  A demonic crawler (Abyss:3)
  6 thrashing horrors
  An orc high priest (Orc:2)
  A sun demon (Abyss:3)
  A fire crab (Gauntlet)
  2 wretched stars
  A shadow wraith (D:14)
  A skyshark (Lair:4)
  Lodul (D:12)
  3 wizards
  2 glowing orange brains
  15 deep trolls
  2 flayed ghosts (D:14)
  A swamp dragon (shapeshifter) (Lair:5)
  8 lindwurms
  3 phantasmal warriors (D:14)
  Pikel (D:7)
  9 ironbound convokers
  A necromancer (Vaults:1)
  4 deep elf pyromancers
  5 orc knights
  An orc sorcerer (Orc:2)
  A salamander (D:15)
  5 manticores
  4 cyclopes
  12 ugly things
  A worldbinder (Abyss:2)
  6 elephants (Lair:5)
  6 vault sentinels
  The ghost of mn3067 the Basher, a novice GrBe of Trog (D:6)
  6 smoke demons
  Joseph (D:7)
  7 black mambas
  A rust devil (Abyss:3)
  A gargoyle (D:11)
  A torpor snail (Lair:5)
  17 cane toads
  An unseen horror (D:11)
  A yaktaur zombie (Vaults:1)
  2 human zombies (Vaults:1)
  20 yaktaurs
  6 rime drakes
  9 komodo dragons
  3 kobold demonologists
  A freezing wraith (D:14)
  2 efreet
  11 trolls
  4 ancient zymes
  A tengu conjurer (D:14)
  A silent spectre (Abyss:3)
  3 hellwings (Abyss:3)
  4 polar bears
  A hornet (shapeshifter) (Lair:5)
  4 hornets
  17 raiju
  43 blink frogs
  A harpy skeleton (Abyss:3)
  37 slime creatures
  5 shadows
  3 ynoxinuls
  7 wyverns
  A slime creature (shapeshifter) (Vaults:1)
  A culicivora (shapeshifter) (Lair:5)
  A wyvern (shapeshifter) (D:14)
  2 wraiths
  Grum (D:8)
  4 fire bats (Gauntlet)
  3 golden eyes (Abyss:3)
  45 yaks
  10 basilisks
  The ghost of Opifex the Chopper, an amateur DsFi of Cheibriados (D:4)
  A steam dragon (D:8)
  9 vampire mosquitoes
  7 wargs
  2 swamp worms (Gauntlet)
  2 acid dragons
  7 large abominations
  A hell hound (D:14)
  14 water moccasins
  27 orc warriors
  5 ice beasts
  2 sky beasts
  5 black bears
  4 boggarts (Lair:4)
  18 centaurs
  26 ogres
  14 wolves
  A phantom (D:5)
  4 lemures (D:7)
  6 kobold brigands
  19 bullfrogs
  A human simulacrum (Vaults:1)
  5 scorpions
  6 wights
  5 killer bees (D:8)
  9 howler monkeys
  5 electric eels
  7 jellies
  4 hounds
  18 orc priests
  An iron imp (Abyss:3)
  A starcursed mass (Abyss:3)
  A gnoll bouda (D:6)
  3 iguanas
  Jessica (D:2)
  4 sleepcaps
  31 orc wizards
  11 small abominations
  Robin (D:4)
  16 gnolls
  7 adders
  2 shadow imps
  6 white imps
  2 ufetubi
  2 dart slugs
  73 orcs
  10 ball pythons
  5 endoplasms
  4 giant cockroaches
  18 goblins
  9 hobgoblins
  A quokka (D:2)
  11 bats
  4 frilled lizards
  30 kobolds
  4 rats
  A spectral orc (D:3)
1014 creatures vanquished.

Vanquished Creatures (collateral kills)
  A vault warden (Vaults:3)
  Louise (D:14)
  An ironbound thunderhulk (Vaults:3)
  An ironbound preserver (Vaults:2)
  A minotaur (Gauntlet)
  The ghost of tensugalgo the Spear-Bearer, a journeyman MiTm of Ru (D:14)
  A yaktaur captain (Vaults:2)
  A vault guard (Vaults:3)
  2 boulder beetles
  2 death yaks (Lair:4)
  An orc sorcerer (Orc:2)
  A deep elf pyromancer (D:14)
  A cyclops (shapeshifter) (Vaults:1)
  3 elephants (Lair:2)
  A freezing wraith (D:14)
  Prince Ribbit (D:7)
  2 fire elementals (D:14)
  2 golden eyes (Abyss:3)
  2 hell hounds (D:14)
  8 orc warriors
  A wight (D:7)
  An orc priest (Orc:2)
  2 orc wizards (Orc:2)
  5 orcs (Orc:2)
43 creatures vanquished.

Vanquished Creatures (others)
  A polar bear (D:11)
  A blink frog (Lair:5)
  A sky beast (D:7)
  2 starspawn tentacles (Abyss:3)
5 creatures vanquished.

Grand Total: 1062 creatures vanquished

Notes
Turn   | Place    | Note
-------+----------+-------------------------------------------
     0 | D:1      | Gargoyl the Gargoyle Berserker began the quest for the Orb.
     0 | D:1      | Reached XP level 1. HP: 14/14 MP: 1/1
   158 | D:1      | Reached XP level 2. HP: 19/19 MP: 2/2
   545 | D:1      | Reached XP level 3. HP: 24/24 MP: 3/3
   862 | D:2      | Reached ** piety under Trog
   863 | D:2      | Reached skill level 4 in Fighting
   951 | D:2      | Noticed Jessica
   958 | D:2      | Reached XP level 4. HP: 25/29 MP: 4/4
   959 | D:2      | Killed Jessica
  1141 | D:1      | Reached XP level 5. HP: 33/33 MP: 5/5
  1418 | D:3      | Found a shimmering blue altar of Sif Muna.
  1452 | D:3      | Found an opulent altar of Gozag.
  1587 | D:3      | Found a basalt altar of Yredelemnul.
  2173 | D:4      | Noticed a water moccasin
  2188 | D:4      | Killed a water moccasin
  2189 | D:4      | Reached skill level 1 in Stealth
  2189 | D:4      | Reached XP level 6. HP: 39/39 MP: 6/6
  2274 | D:4      | Found a runed translucent door.
  2281 | D:4      | Noticed Opifex's ghost (amateur DsFi)
  2343 | D:4      | Noticed a black bear
  2358 | D:4      | Killed a black bear
  2359 | D:4      | Reached skill level 5 in Axes
  2524 | D:4      | Noticed Robin
  2528 | D:4      | Reached *** piety under Trog
  2536 | D:4      | Killed Robin
  2537 | D:4      | Reached XP level 7. HP: 37/44 MP: 7/7
  2632 | D:4      | Identified the +3 leather armour "Dyilaon" {Str+3}
  2860 | D:4      | Killed Opifex's ghost
  2861 | D:4      | Reached skill level 5 in Fighting
  3002 | D:5      | Entered Level 5 of the Dungeon
  3140 | D:5      | Reached XP level 8. HP: 50/50 MP: 8/8
  3276 | D:5      | Reached skill level 5 in Armour
  3278 | D:5      | Found Valoskos's Lightly-Used Armoury.
  3610 | D:5      | Found a sparkling altar of Nemelex Xobeh.
  3839 | D:6      | Reached skill level 6 in Fighting
  4006 | D:6      | Found an ornate altar of the Wu Jian Council.
  4043 | D:6      | Reached XP level 9. HP: 55/55 MP: 9/9
  4448 | D:6      | Reached skill level 1 in Throwing
  4467 | D:6      | Reached **** piety under Trog
  4469 | D:6      | Found a runed translucent gate.
  4469 | D:6      | Found a runed translucent gate.
  4469 | D:6      | Noticed mn3067's ghost (novice GrBe)
  4470 | D:6      | Found a runed translucent gate.
  4616 | D:6      | Killed mn3067's ghost
  4693 | D:7      | Noticed Pikel
  4719 | D:7      | Killed Pikel
  4720 | D:7      | Reached skill level 7 in Fighting
  4720 | D:7      | Reached XP level 10. HP: 63/63 MP: 10/10
  4791 | D:7      | Found a hide-covered altar of Uskayaw.
  4791 | D:7      | Found a glowing golden altar of the Shining One.
  4791 | D:7      | Found a radiant altar of Vehumet.
  4878 | D:7      | Noticed a two-headed ogre
  4892 | D:7      | Killed a two-headed ogre
  4893 | D:7      | Reached skill level 10 in Axes
  5145 | D:7      | Noticed Prince Ribbit
  5168 | D:7      | Killed Prince Ribbit
  5289 | D:7      | Found a staircase to the Ecumenical Temple.
  5559 | D:7      | Reached skill level 8 in Fighting
  5834 | D:7      | Noticed a green ugly thing
  5858 | D:7      | Killed a green ugly thing
  5859 | D:7      | Reached XP level 11. HP: 68/68 MP: 11/11
  6041 | D:7      | Noticed Joseph
  6077 | D:7      | Killed Joseph
  6180 | D:8      | Found Kyqawos's Magic Scroll Boutique.
  6194 | D:8      | Bought a scroll of teleportation for 45 gold pieces
  6194 | D:8      | Bought a scroll of enchant armour for 112 gold pieces
  6312 | D:8      | Noticed a two-headed ogre
  6325 | D:8      | Killed a two-headed ogre
  6638 | D:8      | Found Hadgh's Weapon Boutique.
  6720 | D:8      | Found Paicucw's Weapon Shoppe.
  6874 | D:8      | Noticed a two-headed ogre
  6885 | D:8      | Killed a two-headed ogre
  6886 | D:8      | Reached skill level 9 in Fighting
  6981 | D:8      | Noticed a boulder beetle
  6999 | D:8      | Killed a boulder beetle
  7184 | D:8      | Noticed Grum
  7208 | D:8      | Killed Grum
  7281 | D:8      | Bought a +4 hand axe of flaming for 438 gold pieces
  7337 | D:8      | Found Kaotoc's Distillery.
  7340 | D:8      | Bought a potion of heal wounds for 75 gold pieces
  7340 | D:8      | Bought a potion of heal wounds for 75 gold pieces
  7340 | D:8      | Bought a potion of mutation for 120 gold pieces
  7534 | D:8      | Gained mutation: You have supernaturally acute eyesight.
                  | (SInv) [potion of mutation]
  7907 | D:9      | Found a staircase to the Lair.
  8640 | Lair:1   | Entered Level 1 of the Lair of Beasts
  8684 | Lair:1   | Reached XP level 12. HP: 58/76 MP: 12/12
  8851 | Lair:1   | Reached skill level 10 in Armour
  9038 | Lair:1   | Noticed Fannar
  9063 | Lair:1   | Killed Fannar
  9178 | Lair:1   | Reached skill level 10 in Fighting
 10008 | Lair:2   | Found a staircase to the Swamp.
 10048 | Lair:2   | Reached skill level 11 in Fighting
 10421 | Lair:2   | Reached XP level 13. HP: 80/84 MP: 13/13
 11555 | Lair:3   | Reached ***** piety under Trog
 11661 | Lair:3   | Reached skill level 12 in Fighting
 11670 | Lair:3   | Reached skill level 5 in Dodging
 12058 | Lair:3   | Found a staircase to the Snake Pit.
 12289 | Lair:4   | Found a staircase to the Slime Pits.
 12289 | Lair:4   | Found a viscous altar of Jiyva.
 12422 | Lair:4   | Reached skill level 15 in Axes
 13030 | Lair:4   | Gained mutation: Your large and strong wings let you fly.
                  | [Gargoyle growth]
 13030 | Lair:4   | Reached XP level 14. HP: 70/92 MP: 14/14
 13343 | Lair:5   | Entered Level 5 of the Lair of Beasts
 13358 | Lair:5   | Reached skill level 13 in Fighting
 14510 | Lair:5   | Reached skill level 14 in Fighting
 15220 | Lair:5   | Found a corrupted altar of Lugonu.
 15220 | Lair:5   | Found a one-way gate to the infinite horrors of the Abyss.
 15307 | Lair:5   | Identified the staff of the Wraith {rC+ Dex+4 Ice}
 15603 | D:10     | Entered Level 10 of the Dungeon
 15675 | D:10     | Found a staircase to the Orcish Mines.
 15723 | D:10     | Received a gift from Trog
 15896 | D:10     | Reached XP level 15. HP: 101/101 MP: 15/15
 16321 | D:11     | Got the +6 broad axe "Rezoavae" {freeze, rC- rN+ Int+4
                  | Dex+3}
 16342 | D:11     | Found a runed translucent gate.
 16342 | D:11     | Found a runed translucent gate.
 16407 | D:11     | Reached skill level 15 in Fighting
 16531 | D:11     | You are sucked into a shaft and drop 1 floor!
 17164 | D:11     | Found a runed translucent gate.
 17164 | D:11     | Noticed Hajna's ghost (journeyman HOFi)
 17278 | D:11     | Killed Hajna's ghost
 17326 | D:12     | Noticed Frances
 17339 | D:12     | Killed Frances
 17431 | D:12     | Identified a scroll of acquirement
 17431 | D:12     | Acquired 814 gold pieces
 17453 | D:12     | Noticed Jorgrun
 17481 | D:12     | Killed Jorgrun
 17582 | D:8      | Bought the +10 morningstar "Eos" {elec, Halo rElec} for 962
                  | gold pieces
 17582 | D:8      | Found the +10 morningstar "Eos" {elec, Halo rElec}
 17766 | D:12     | Noticed Gastronok
 17777 | D:12     | Killed Gastronok
 17990 | D:12     | Reached skill level 1 in Maces & Flails
 18201 | D:12     | Noticed Lodul
 18263 | D:12     | Killed Lodul
 18263 | D:12     | Received a gift from Trog
 18649 | D:13     | Found a gate leading to a gauntlet.
 18658 | Gauntlet | Entered a Gauntlet
 18658 | Gauntlet | Found a transporter.
 18661 | Gauntlet | Found a transporter.
 18672 | Gauntlet | Identified the +0 cloak of Paranoia {rF- rN++ Str+2 Int+2}
 18675 | Gauntlet | Found a runed translucent door.
 18676 | Gauntlet | Found a transporter.
 18681 | Gauntlet | Found a transporter.
 18688 | Gauntlet | Found a runed translucent door.
 18695 | Gauntlet | Found a transporter.
 18695 | Gauntlet | Found a transporter.
 18695 | Gauntlet | Found a transporter.
 18721 | Gauntlet | Identified the +1 cloak "Gohyq" {rF+ rC+}
 18730 | Gauntlet | Found a transporter.
 18730 | Gauntlet | Found a transporter.
 18730 | Gauntlet | Found a transporter.
 18881 | Gauntlet | Identified the ring of Pyd Bethrue {rPois rCorr Str+3
                  | Int-4}
 19195 | D:13     | Reached skill level 5 in Maces & Flails
 19253 | D:13     | Found a gate to the Vaults.
 20320 | D:13     | Reached XP level 16. HP: 102/110 MP: 16/16
 20387 | D:13     | Identified the +0 chain mail "Zaden" {rF- Dex+5}
 20652 | D:14     | Found Ronleof's Antique Weapon Emporium.
 20805 | D:14     | Noticed Louise
 20810 | Abyss:2  | Cast into level 2 of the Abyss (Louise)
 20837 | Abyss:2  | Identified the +3 demon whip of Trog's Vengeance {flame,
                  | *Rage Str+5} (Trog gifted it to you on level 2 of the
                  | Abyss)
 20837 | Abyss:2  | Received a gift from Trog
 21177 | Abyss:3  | Reached skill level 16 in Fighting
 21246 | Abyss:3  | Noticed a bone dragon
 21273 | Abyss:3  | Killed a bone dragon
 21420 | D:14     | Escaped the Abyss
 21434 | D:14     | Killed Louise
 21635 | D:14     | Noticed Azrael
 21652 | D:14     | Killed Azrael
 21730 | D:14     | Found Supiopse's Antique Armour Emporium.
 21803 | D:14     | Found a runed translucent gate.
 21804 | D:14     | Found a runed translucent gate.
 21805 | D:14     | Found a runed translucent gate.
 21806 | D:14     | Noticed tensugalgo's ghost (journeyman MiTm)
 21847 | D:14     | Found Xuuprypu's Magic Scroll Boutique.
 21862 | D:14     | Bought a scroll of teleportation for 48 gold pieces
 21862 | D:14     | Bought a scroll of brand weapon for 152 gold pieces
 21862 | D:14     | Bought a scroll of brand weapon for 152 gold pieces
 21957 | D:14     | Found Xonanuj's Magic Scroll Emporium.
 21961 | D:14     | Bought a scroll of teleportation for 45 gold pieces
 21961 | D:14     | Bought a scroll of teleportation for 45 gold pieces
 21961 | D:14     | Bought a scroll of brand weapon for 142 gold pieces
 21961 | D:14     | Bought a scroll of fear for 60 gold pieces
 22017 | D:14     | Found Enos's Book Boutique.
 22113 | D:14     | Found a shimmering blue altar of Sif Muna.
 22203 | D:14     | Killed tensugalgo's ghost
 22218 | D:14     | Identified the amulet "Ilugo" {Fragile rC+ Regen+ Stlth+}
 22411 | D:15     | Entered Level 15 of the Dungeon
 22494 | D:15     | Found a staircase to the Depths.
 22606 | D:15     | Found the amulet of Elemental Vulnerability {rPois rF--
                  | rC-- AC+8}
 22610 | D:15     | Found an ancient bone altar of Kikubaaqudgha.
 22903 | D:15     | Found a radiant altar of Vehumet.
 23247 | Orc:1    | Entered Level 1 of the Orcish Mines
 23357 | Orc:1    | Found Boufom's Gadget Gallery.
 23785 | Orc:2    | Entered Level 2 of the Orcish Mines
 23785 | Orc:2    | Found a staircase to the Elven Halls.
 23938 | Orc:2    | Noticed Saint Roka
 23968 | Orc:2    | Reached skill level 10 in Maces & Flails
 24107 | Orc:2    | Received a gift from Trog
 24557 | Orc:2    | Killed Saint Roka
 24583 | Orc:2    | Reached skill level 17 in Fighting
 24594 | Orc:2    | Found Tonihub's Antique Weapon Shoppe.
 24627 | Orc:2    | Found Seyttej's Antique Armour Shoppe.
 24644 | Orc:2    | Bought a fading scale mail for 162 gold pieces
 24644 | Orc:2    | Identified the +4 scale mail of Midwinter {rCorr Dex+3}
                  | (You bought it in a shop on level 2 of the Orcish Mines)
 24758 | Orc:2    | Found Ysim's Jewellery Shoppe.
 24772 | Orc:2    | Found Ziecwaukh's General Store.
 24780 | Orc:2    | Bought a scroll of teleportation for 45 gold pieces
 25179 | Vaults:1 | Entered Level 1 of the Vaults
 25195 | Vaults:1 | Reached XP level 17. HP: 106/117 MP: 17/17
 25629 | Vaults:1 | Paralysed by a great orb of eyes for 4 turns
 25768 | Vaults:1 | Identified the +4 arbalest of the Warrior-Mage {drain,
                  | *Slow rElec rN+++ Will+}
 26521 | Vaults:2 | Reached skill level 18 in Fighting
 26540 | Vaults:2 | Reached skill level 15 in Armour
 26624 | Vaults:2 | Reached skill level 5 in Stealth
 27016 | Vaults:2 | Found a staircase to the Crypt.
 27203 | Vaults:2 | Reached XP level 18. HP: 126/126 MP: 18/18
 27745 | Vaults:2 | Reached skill level 19 in Fighting
 27798 | Vaults:2 | Found a portal to a secret trove of treasure.
 28195 | Abyss:3  | Cast into level 3 of the Abyss (a wizard)
 28212 | Abyss:3  | Noticed a hellephant
 28288 | Abyss:3  | Killed a hellephant
 28697 | Abyss:3  | Lost intelligence.
 28762 | Abyss:5  | Noticed a lich
 28790 | Abyss:5  | Killed a lich
 28812 | Vaults:3 | Escaped the Abyss
 28874 | Vaults:3 | Lost mutation: You have supernaturally acute eyesight.
                  | (SInv) [potion of mutation]
 28874 | Vaults:3 | Gained mutation: You are vulnerable to heat. (rF-) [potion
                  | of mutation]
 28874 | Vaults:3 | Gained mutation: Potions are less effective at restoring
                  | your health. [potion of mutation]
 29248 | Vaults:3 | Found Ikhleow's Antique Armour Shoppe.
 29325 | Vaults:3 | Found a transporter.
 29364 | Vaults:3 | Found a transporter.
 29441 | Vaults:3 | Paralysed by a great orb of eyes for 3 turns
 29535 | Vaults:3 | Reached XP level 19. HP: 134/134 MP: 19/19
 29542 | Vaults:3 | Reached skill level 20 in Fighting
 29854 | Vaults:3 | Slain by a war gargoyle

Illustrated notes

Levels and vault maps discovered:
D:1:      minmay_arrival_plants_in_alcoves, layout_loops_ring
D:2:      layout_basic, kennysheep_jessica_study
D:3:      layout_loops_ring, yredelemnul_forgotten_temple_becter,
          pf_just_have_faith, grunt_gozag_statues
D:4:      layout_loops_ring, ebering_ghost_reflecting_pool, uniq_robin
D:5:      layout_layer_cave, lemuel_coloured_pillars_altar, minmay_shop_damaged,
          nrook_loot_triangle
D:6:      layout_rooms, lemuel_tele_altar, biasface_ghost_orc_armoury
D:7:      nzn_winding_woodlands_stair_cross [nzn_winding_woodlands_5x15_default,
          nzn_winding_woodlands_center_pierced_h,
          nzn_winding_woodlands_5x15_jagged,
          nzn_winding_woodlands_5x5_open_star, nzn_winding_woodlands_hourglass,
          nzn_winding_woodlands_5x15_parted, nzn_winding_woodlands_center_lodge,
          nzn_winding_woodlands_5x15_crooked], layout_cave_pods,
          chequers_temple_overflow_statue_of_worship,
          minmay_temple_entry_antechambers, uniq_pikel, uniq_prince_ribbit1,
          uniq_joseph
D:8:      minmay_polygon_palace, layout_layer_cave, serial_shops,
          nicolae_shop_statue_plus, nicolae_shop_behind_doors, shop_scrolls,
          nicolae_shop_trees, uniq_grum
D:9:      layout_basic, david_lair_shrubbed, dreamdust_mushroom_princess,
          amcnicky_mini_rare_corridor_liquid
D:10:     layout_rooms
D:11:     minmay_coctagon, layout_stronghold, ebering_ghost_rock_garden,
          hangedman_decor_riveting, serial_park_tiny_1
D:12:     layout_roguey, kennysheep_generic_room_10, uniq_lodul, uniq_gastronok,
          uniq_jorgrun, uniq_frances
D:13:     layout_irregular_city, david_vaults_5, gauntlet_entry_generic,
          kennysheep_kite_vault
D:14:     layout_irregular_city, nicolae_sif_muna_condensation, serial_shops,
          nicolae_shop_pleasant_corner_grove, shop, nicolae_square_shop,
          nicolae_shop_tiny_glass, kennysheep_mini, gammafunk_ghost_spectres,
          uniq_louise, uniq_azrael
D:15:     hangedman_depths_entry_try_elsewhere_first, layout_basic,
          nicolae_vehumet_altar_sigil, kiku_gazebo_pond_becter
Lair:1:   layout_roguey, serial_bayou_pond_e, serial_bayou_lake_a, uniq_fannar
Lair:2:   layout_regular_city, minmay_swamp_entry_swarm
Lair:3:   layout_concentric_octagons, dummy_snake_entry, grunt_megastairs_2,
          infiniplex_staircase_pool_2
Lair:4:   layout_gridlike, nicolae_slime_entry_field_trip, st_stairs_4,
          kilobyte_rumbling_trees
Lair:5:   hellmonk_lair_end_abyssal_woods, layout_loops_ring, lemuel_fruit_tree,
          grunt_megastairs_3
Orc:1:    layout_diamond_mine, nicolae_orc_stony_grotto, nicolae_shop_gadgets
Orc:2:    grunt_orc_cross, layout_diamond_mine
Vaults:1: nicolae_vaults_turnstiles, hangedman_vaults_capsules,
          vaults_room_pool, serial_ice_g, vaults_room_hallway,
          hangedman_vaults_nails, nicolae_vaults_little_ls,
          nicolae_vaults_diamond_2, v_misc_8,
          nicolae_vaults_offset_grid_hallway_3,
          nicolae_vaults_security_offices_4, nicolae_vaults_storage_room_water,
          layout_vaults_ring
Vaults:2: v_misc_23, ontoclasm_vaults_tryst, minmay_crypt_entry_simple_corners,
          nicolae_vaults_variable_pillar_hall, grunt_vaults_twisty,
          nicolae_vaults_layer_cake_slice, nicolae_vaults_network_s,
          nicolae_vaults_tetromino_Z_2, grunt_vaults_trifunnel,
          nicolae_vaults_frosty_reception, nicolae_vaults_twisting_passages,
          v_misc_27, nicolae_vaults_variable_pillar_hall,
          grunt_vaults_hallway_short, layout_vaults_omnicross, enter_trove_5
Vaults:3: hangedman_vaults_stream, nicolae_vaults_wrenched,
          gammafunk_its_a_trap, hangedman_vaults_maws,
          nicolae_vaults_tetromino_Z_1, v_misc_28, grunt_vaults_focal,
          nicolae_vaults_closet_pinwheel_6, grunt_vaults_funnel,
          vaults_dpeg_ring, nicolae_vaults_little_squares_1,
          layout_vaults_omnibox, serial_shops, shop

Skill      XL: |  1  2  3  4  5  6  7  8  9 10 11 12 13 14 15 16 17 18 19 |
---------------+----------------------------------------------------------+-----
Axes           | 3 4 5 6 7 9 11 13 14 15 16 17 18 | 18.5
Fighting       | 4 5 6 7 8 9 11 12 14 15 17 18 19 20 | 20.0
Dodging        | 2 3 4 5 6 7 8 9 |  9.6
Stealth        | 1 2 3 4 5 6 |  6.0
Armour         | 3 4 5 6 8 9 11 12 13 14 15 | 15.6
Throwing       | 1 |  1.9
Maces & Flails | 6 10 | 10.0

Action                     |  1- 3 |  4- 6 |  7- 9 | 10-12 | 13-15 | 16-18 | 19-21 || total
---------------------------+-------+-------+-------+-------+-------+-------+-------++-------
  Melee: Hand axe          |    98 |   139 |   351 |   790 |  1237 |  1485 |    31 ||  4131
         Punch             |     2 |     3 |     5 |    14 |    29 |    33 |       ||    86
         Morningstar       |       |       |       |       |   230 |   248 |       ||   478
         Broad axe         |       |       |       |       |       |    31 |       ||    31
  Throw: Dart              |       |       |     8 |     6 |     5 |     9 |       ||    28
 Invoke: Berserk           |     1 |     4 |    11 |     8 |    14 |    29 |       ||    67
         Trog's Hand       |       |     1 |     4 |     6 |     7 |    30 |     1 ||    49
         Brothers in Arms  |       |       |       |     5 |     3 |    13 |       ||    21
    Use: Scroll            |     7 |     4 |     8 |     2 |    13 |    15 |       ||    49
         Potion            |       |       |       |     1 |       |     6 |     1 ||     8
   Stab: Sleeping          |       |     1 |       |       |       |     7 |     1 ||     9
         Distracted        |       |       |       |       |     1 |     6 |       ||     7
         Petrified         |       |       |       |       |     4 |       |       ||     4
         Petrifying        |       |       |       |       |     1 |       |       ||     1
 Armour: Animal skin       |    51 |    11 |       |       |       |       |       ||    62
         Ring mail         |       |    37 |       |       |       |       |       ||    37
         Chain mail        |       |    30 |   219 |   668 |   959 |       |       ||  1876
         Scale mail        |       |       |       |       |   302 |  1211 |    17 ||  1530
  Dodge: Dodged            |    91 |    79 |   151 |   420 |   958 |  1265 |    16 ||  2980
         Repelled          |       |       |       |     4 |    13 |    13 |     1 ||    31

Table legend: (Time is in decaauts)
 A = Elapsed time spent in this place.
 B = Non-inter-level travel time spent in this place.
 C = Inter-level travel time spent in this place.
 D = Time resting spent in this place.
 E = Time spent auto-exploring this place.
 F = Levels seen in this place.
 G = Mean time per level.
                   A        B        C        D        E       F      G
               +--------+--------+--------+--------+--------+-----+--------+
         Total |  29028 |  27842 |   1186 |   2102 |  18189 |  31 |  936.4 |
       Dungeon |  15536 |  14681 |    855 |   1168 |   9976 |  15 | 1035.7 |
          Lair |   6535 |   6343 |    192 |    326 |   4405 |   5 | 1307.0 |
  Orcish Mines |   1751 |   1690 |     61 |    178 |    960 |   2 |  875.5 |
        Vaults |   3809 |   3732 |     77 |    192 |   2358 |   3 | 1269.7 |
         Abyss |   1174 |   1174 |      0 |    238 |    402 |   5 |  234.8 |
      Gauntlet |    221 |    221 |      0 |      0 |     87 |   1 |  221.0 |
               +--------+--------+--------+--------+--------+-----+--------+

Top non-repeatable levels by time:
  Lair:5: 1976 daAuts
    D:12: 1870 daAuts
Vaults:2: 1639 daAuts
     D:8: 1467 daAuts
     D:7: 1434 daAuts
    D:11: 1344 daAuts
  Lair:2: 1271 daAuts
   Orc:2: 1194 daAuts
    D:14: 1163 daAuts
  Lair:1: 1150 daAuts
     D:9: 1119 daAuts
  Lair:3: 1093 daAuts
Vaults:3: 1089 daAuts
Vaults:1: 1080 daAuts
    D:13: 1054 daAuts
